 Dungeon Crawl Stone Soup version 0.25.0-46-gbd7b0854d2 (webtiles) character file.

Game seed: 1508144186590796057

318 Curus the Cleaver (level 6, -3/51 HPs)
             Began as a Minotaur Monk on July 16, 2020.
             Slain by a gnoll sergeant
             ... wielding a +0 vampiric spear
              (5 damage)
             ... on level 4 of the Dungeon.
             The game lasted 00:19:32 (3380 turns).

Curus the Cleaver (Minotaur Monk)                   Turns: 3380, Time: 00:19:33

Health: -3/51      AC:  9    Str: 15    XL:     6   Next: 21%
Magic:  5/5        EV: 10    Int:  8    God:
Gold:   224        SH:  0    Dex: 14    Spells: 5/5 levels left

rFire    . . .     SeeInvis .   s - +0 war axe
rCold    . . .     Gourm    .   (no shield)
rNeg     . . .     Faith    .   r - +0 scale mail
rPois    .         Spirit   .   (helmet restricted)
rElec    .         Reflect  .   j - +1 cloak
rCorr    .         Harm     .   (no gloves)
MR       .....                  g - +0 pair of boots
Stlth    +.........             d - amulet of regeneration
HPRegen  0.57/turn              o - ring of stealth
MPRegen  0.09/turn              (no ring)

@: no status effects
A: retaliatory headbutt, horns 2
a: no special abilities


You were on level 4 of the Dungeon.
You were not hungry.

You visited 1 branch of the dungeon, and saw 4 of its levels.

You collected 224 gold pieces.

Inventory:

Hand Weapons
 a - a +1 hand axe
 s - a +0 war axe (weapon)
Armour
 b - a +0 robe
 e - a +1 ring mail
 g - a +0 pair of boots (worn)
 j - a +1 cloak (worn)
 r - a +0 scale mail (worn)
Jewellery
 d - an amulet of regeneration (around neck)
 h - an uncursed amulet of guardian spirit
 o - a ring of stealth (left hand)
Wands
 m - a wand of iceblast (8)
Scrolls
 f - a scroll of magic mapping
 i - a scroll of teleportation
 l - 3 scrolls of identify
 p - 2 scrolls of remove curse
Potions
 k - a potion of curing
 n - a potion of ambrosia
Comestibles
 c - 5 rations


   Skills:
 - Level 3.6 Fighting
 + Level 8.5 Axes
 - Level 3.2 Dodging
 - Level 1.5 Stealth


You had 5 spell levels left.
You didn't know any spells.
Your spell library was empty.

Dungeon Overview and Level Annotations

Branches:
Dungeon (4/15)
 Temple: D:4-7

Altars:
Cheibriados
Elyvilon
Gozag
Nemelex Xobeh
Xom


Innate Abilities, Weirdness & Mutations

You reflexively headbutt those who attack you in melee.
You have a pair of horns on your head.


Message History

The gnoll sergeant is almost dead.
The gnoll sergeant hits you with a +0 vampiric spear.
* * * LOW HITPOINT WARNING * * *
The gnoll sergeant draws strength from your wounds!
The gnoll hits you but does no damage.
You barely miss the gnoll sergeant.
You headbutt the gnoll sergeant, but do no damage.
The gnoll sergeant is almost dead.
The gnoll sergeant hits you with a +0 vampiric spear.
* * * LOW HITPOINT WARNING * * *
The gnoll sergeant draws strength from your wounds!
The gnoll hits you but does no damage.
You hit the gnoll sergeant but do no damage.
The gnoll sergeant is severely wounded.
The gnoll sergeant hits you with a +0 vampiric spear.
* * * LOW HITPOINT WARNING * * *
The gnoll sergeant draws strength from your wounds!
The gnoll misses you.
The gnoll sergeant hits you from afar with a +0 vampiric spear.
You die...

..# #....#..................#.#
..####+#####.........####.#.#.#
#...........................#.#
#.####.#........##.#..###...#.#
#.# #.#......≈≈≈≈≈≈≈≈≈##...#.#
#.# #.#......≈##≈≈≈##≈.......###
#.# #.#......≈#######≈##.......#
#.####.#......≈≈#†g.#≈≈###....#.#
................@)g(#≈≈..........
#......#......≈≈#...#≈≈###.#..#.#
#.#######'####≈#######≈###.......
#.# #.........≈##≈≈≈##≈.........#
#.# #.###.....≈≈≈≈≈≈≈≈≈.........#
#.###.# #..####.................#
......###.............####.#....#
............###.......##........#
#...................>...........#


You could see a gnoll sergeant and a gnoll.

Vanquished Creatures
  4 orc priests (D:4)
  An orc wizard (D:4)
  A worker ant (D:3)
  2 gnolls (D:4)
  4 adders
  2 oozes
  A worm (D:3)
  3 leopard geckos
  9 orcs
  6 giant cockroaches
  7 hobgoblins
  3 jackals (D:2)
  A quokka (D:4)
  A ball python (D:3)
  6 bats
  9 frilled lizards
  6 goblins
  7 kobolds
  6 rats
79 creatures vanquished.

Notes
Turn   | Place    | Note
-------+----------+-------------------------------------------
     0 | D:1      | Curus the Minotaur Monk began the quest for the Orb.
     0 | D:1      | Reached XP level 1. HP: 19/19 MP: 0/0
    58 | D:1      | Reached skill level 4 in Axes
   113 | D:1      | Reached XP level 2. HP: 11/26 MP: 1/1
   718 | D:1      | Reached skill level 5 in Axes
   744 | D:1      | Reached XP level 3. HP: 28/31 MP: 2/2
   948 | D:1      | Found a sparkling altar of Nemelex Xobeh.
   950 | D:1      | Found a hide-covered altar of Uskayaw.
   950 | D:1      | Found a shimmering altar of Xom.
   952 | D:1      | Found an opulent altar of Gozag.
   952 | D:1      | Found a white marble altar of Elyvilon.
   952 | D:1      | Found a snail-covered altar of Cheibriados.
  1760 | D:3      | Reached skill level 6 in Axes
  1760 | D:3      | Reached XP level 4. HP: 39/39 MP: 3/3
  2899 | D:4      | Reached XP level 5. HP: 45/45 MP: 4/4
  2909 | D:4      | Reached skill level 7 in Axes
  3143 | D:4      | Reached skill level 8 in Axes
  3143 | D:4      | Reached XP level 6. HP: 46/51 MP: 5/5
  3379 | D:4      | HP: 2/51 [gnoll sergeant/+0 vampiric spear (5)]
  3380 | D:4      | Slain by a gnoll sergeant

Illustrated notes

Levels and vault maps discovered:
D:1:      enne_arrival_octagon_isle, layout_loops_corners, corexii_corridor_pit,
          doesnt_xom_only_xom
D:2:      layout_loops_cross
D:3:      layout_basic, first_ration
D:4:      layout_basic, lightli_minifort

Skill      XL: |  1  2  3  4  5 |
---------------+----------------+-----
Axes           | 4 5 6 8 |  8.5
Fighting       | |  3.6
Dodging        | |  3.2
Stealth        | |  1.5

Action                   |  1- 3 |  4- 6 || total
-------------------------+-------+-------++-------
Melee: Hand axe          |   103 |    71 ||   174
       Headbutt          |    16 |    20 ||    36
       War axe           |       |    11 ||    11
  Use: Scroll            |     8 |     3 ||    11
       Potion            |     1 |     3 ||     4
 Stab: Sleeping          |     1 |     1 ||     2
  Eat: Chunk             |     3 |     5 ||     8
Armor: Robe              |     3 |       ||     3
       Ring mail         |    22 |    11 ||    33
       Scale mail        |       |    21 ||    21
Dodge: Dodged            |    55 |    35 ||    90
